 Dungeon Crawl Stone Soup version 0.31.0-11-ge490571c62 (webtiles) character file.

Game seed: 3893201556664621272

3440 qw the Nimble (level 9, -3/45 HPs)
             Began as a Spriggan Hunter on Feb 4, 2024.
             Was a Follower of Okawaru.
             Slain by a yak (10 damage)
             ... on level 9 of the Dungeon.
             The game lasted 00:02:21 (6506 turns).

qw the Nimble (Spriggan Hunter)                     Turns: 6506, Time: 00:02:21

Health: -3/45      AC:  4    Str:  7    XL:     9   Next: 77%
Magic:  11/12      EV: 28    Int: 10    God:    Okawaru [*.....]
Gold:   261        SH:  0    Dex: 23    Spells: 8/8 levels left

rFire   . . .        e - +0 orcbow (freeze)
rCold   . . .        (shield currently unavailable)
rNeg    . . .        c - +0 robe
rPois   .            l - +2 hat
rElec   .            (no cloak)
rCorr   .            (gloves unavailable)
SInv    +            (boots unavailable)
Will    +....        (no amulet)
Stlth   ++           (no ring)
HPRegen 0.27/turn    (no ring)
MPRegen 0.13/turn

%: no passive effects
@: very quick
A: very small, no large weapons, unfitting armour, see invisible, speed 3
a: Renounce Religion, Heroism


You were on level 9 of the Dungeon.
You worshipped Okawaru.
Okawaru was aware of your devotion.
You visited 2 branches of the dungeon, and saw 10 of its levels.
You also visited: Sewer and Ossuary.

You collected 436 gold pieces.
You spent 175 gold pieces at shops.


Innate Abilities, Weirdness & Mutations

You are very small and have problems with some larger weapons.
You are too small for most types of armour.
You have supernaturally acute eyesight. (SInv)
You cover ground extremely quickly. (Speed+++)


   Skills:
 - Level 4.0 Fighting
 + Level 10.7 Ranged Weapons
 - Level 11.1 Dodging
 - Level 1.5 Stealth
 + Level 2.7 Invocations


You had 8 spell levels left.
You didn't know any spells.
Your spell library was empty.

Inventory:

Hand Weapons
 e - a +0 orcbow of freezing (weapon)
Armour
 c - a +0 robe (worn)
 l - a +2 hat (worn)
Wands
 a - a wand of polymorph (6)
 o - a wand of digging (1)
Scrolls
 n - a scroll of enchant armour
Potions
 b - 4 potions of enlightenment
 d - a potion of might
 f - a potion of curing
 g - 2 potions of cancellation
 k - 5 potions of mutation

Dungeon Overview and Level Annotations

Branches:
Dungeon (9/15)             Temple (1/1) D:7           Sewer (visited)
Ossuary (visited)
   Lair: D:8-11         Orc: D:9-12

Altars:
Ashenzari
Cheibriados
Dithmenos
Elyvilon
Fedhas
Gozag
Hepliaklqana
Kikubaaqudgha
Makhleb
Nemelex Xobeh
Okawaru
Qazlal
Ru
Sif Muna
Trog
Uskayaw
Vehumet
Wu Jian
Xom
Yredelemnul
Zin
The Shining One
Jiyva

Shops:
D:2 =   D:4 ?

Annotations:
D:8 3 runed translucent doors, qw's ghost, novice DjHu


Message History

The yak completely misses you.
You shoot an arrow. The arrow hits the yak.
The arrow freezes the yak.
The yak is heavily wounded.
The yak completely misses you.
You shoot an arrow. The arrow barely misses the yak.
The arrow hits the yak but does no damage.
The yak closely misses you.
You shoot an arrow. The arrow barely misses the yak.
The arrow hits the yak.
The arrow freezes the yak.
The yak is lightly wounded.
The yak barely misses you.
You shoot an arrow. The arrow hits the yak!
The arrow freezes the yak.
The yak is severely wounded.
The yak barely misses you.
You shoot an arrow.
The arrow hits the yak but does no damage.
The yak is severely wounded.
The yak completely misses you.
You shoot an arrow. The arrow hits the yak.
The arrow freezes the yak.
The yak is almost dead.
The yak misses you.
You shoot an arrow. The arrow hits the yak!
The arrow freezes the yak.
You kill the yak!
Okawaru accepts your kill.
You shoot an arrow. The arrow hits the yak!
The arrow freezes the yak.
The yak is heavily wounded.
You shoot an arrow. The arrow hits the yak!
The arrow freezes the yak.
The yak is severely wounded.
You shoot an arrow. The arrow hits the yak.
The arrow freezes the yak.
The yak is severely wounded.
The yak closely misses you.
You shoot an arrow. The arrow closely misses the yak.
The arrow hits the yak.
The arrow freezes the yak.
The yak is severely wounded.
The yak completely misses you.
You shoot an arrow. The arrow closely misses the yak.
The arrow hits the yak.
The arrow freezes the yak.
The yak is severely wounded.
The yak gores you!
You die...

.# .# ########.#
#........#
##........#
#.........#
#######Y.......##
#[...@YYK....).#
#.######.......#
#########


You could see 3 yaks and a kobold.

Vanquished Creatures
  Grinder (D:5)
  3 yaks (D:9)
  A steam dragon (D:7)
  Menkaure (D:7)
  An orc warrior (D:7)
  A sky beast (D:6)
  A black bear (D:8)
  2 ice beasts
  2 centaurs (D:8)
  3 phantoms
  3 kobold brigands
  A brain worm (Sewer)
  Blork the orc (D:4)
  3 bullfrogs
  3 scorpions
  3 howler monkeys (D:7)
  3 orc priests
  3 hounds
  2 jellies
  3 iguanas
  Natasha (thrice) (D:2)
  Terence (D:2)
  An orc wizard (D:5)
  4 scorpion zombies (Ossuary)
  3 mummies (Ossuary)
  3 gnolls (D:5)
  2 river rats (Sewer)
  10 adders
  2 shadow imps
  A white imp (D:8)
  2 ufetubi (D:7)
  3 adder zombies (Ossuary)
  2 dart slugs
  A ribbon worm (Sewer)
  20 orcs
  8 endoplasms
  8 giant cockroaches
  4 gnoll zombies (Ossuary)
  8 goblins
  9 hobgoblins
  8 jackals
  13 kobolds
  5 quokkas
  11 ball pythons
  12 bats
  10 frilled lizards
  3 jackal zombies (Ossuary)
  3 kobold zombies (Ossuary)
  6 rats
207 creatures vanquished.

Notes
Turn   | Place    | Note
-------+----------+-------------------------------------------
     0 | D:1      | qw the Spriggan Hunter began the quest for the Orb.
     0 | D:1      | Reached XP level 1. HP: 10/10 MP: 2/2
     0 | D:1      | 0 ||| qw: Version: 0.3-a-160-g6735b56
     0 | D:1      | 0 ||| qw: Game counter: 5782
     0 | D:1      | 0 ||| qw: Melee chars always use a shield: true
     0 | D:1      | 0 ||| qw: God list: Okawaru
     0 | D:1      | 0 ||| qw: Allow faded altars: false
     0 | D:1      | 0 ||| qw: Do Orc after clearing Dungeon:15 true
     0 | D:1      | 0 ||| qw: Do second Lair branch before Depths: true
     0 | D:1      | 0 ||| qw: Lair rune preference: random
     0 | D:1      | 0 ||| qw: Goals: Normal
     0 | D:1      | 0 ||| PLANNING D:1-11
    37 | D:1      | Reached skill level 3 in Dodging
   155 | D:1      | Reached XP level 2. HP: 14/14 MP: 3/3
   169 | D:1      | Reached skill level 4 in Dodging
   595 | D:1      | Reached XP level 3. HP: 15/18 MP: 4/4
   624 | D:1      | 624 ||| READING scroll labelled LUIMEJUEGEG.
   629 | D:1      | 629 ||| READING scroll labelled YCUIR YGAE.
   629 | D:1      | 629 ||| IDENTIFYING inky potion
   630 | D:1      | 630 ||| DROPPING scroll of butterflies.
   774 | D:2      | 774 ||| SWAPPING to +0 orcbow.
   776 | D:2      | 776 ||| DROPPING +0 shortbow.
   835 | D:2      | Found a faded altar of an unknown god.
   909 | D:2      | Noticed Terence
   914 | D:2      | Killed Terence
   915 | D:2      | Reached XP level 4. HP: 22/22 MP: 5/5
   928 | D:2      | Found Getayroceb's Jewellery Shop.
   933 | D:2      | Noticed Natasha
   936 | D:2      | Killed Natasha
   937 | D:2      | Reached skill level 5 in Dodging
   937 | D:2      | 937 ||| SHOPLISTING +4 ring of protection (396 gold, have
                  | 118).
   937 | D:2      | 937 ||| SHOPLISTING +6 ring of dexterity (396 gold, have
                  | 118).
   937 | D:2      | 937 ||| SHOPLISTING amulet of reflection (330 gold, have
                  | 118).
   937 | D:2      | 937 ||| SHOPLISTING ring "Yniorhoa" {rF+ rC+++ Will+ Int-2
                  | SInv} (719 gold, have 118).
   937 | D:2      | 937 ||| SHOPLISTING ring of willpower (275 gold, have 118).
   985 | D:2      | Noticed Natasha
   986 | D:2      | Killed Natasha
   987 | D:2      | Reached XP level 5. HP: 26/26 MP: 6/6
  1017 | D:2      | Noticed Natasha
  1024 | D:2      | Killed Natasha
  1141 | D:2      | 1141 ||| READING scroll labelled DAEHAM WUGAB.
  1142 | D:2      | 1142 ||| READING scroll labelled VAS FUKOLEOSA.
  1143 | D:2      | 1143 ||| READING scroll labelled ETHROOQ XEUCW.
  1143 | D:2      | 1143 ||| BRANDING +0 orcbow.
  1294 | D:3      | Reached skill level 6 in Ranged Weapons
  1555 | D:3      | 1555 ||| READING scroll labelled ELENOS ALORRU.
  1656 | D:3      | 1656 ||| READING scroll labelled WODAOL ZALATI.
  1657 | D:3      | 1657 ||| READING 2 scrolls labelled DACAOQ WUSIL.
  1658 | D:3      | 1658 ||| DROPPING scroll of fear.
  1664 | D:4      | 1664 ||| PLANNING SEWER
  1699 | D:4      | Reached skill level 6 in Dodging
  1699 | D:4      | Reached XP level 6. HP: 30/30 MP: 7/7
  1783 | D:4      | You fall into a shaft and drop 1 floor!
  1783 | D:5      | Entered Level 5 of the Dungeon
  1881 | D:4      | Noticed Blork the orc
  1883 | D:4      | 1883 ||| FLEEEEING.
  1884 | D:4      | 1884 ||| FLEEEEING.
  1913 | D:4      | Killed Blork the orc
  1921 | D:4      | Found a shimmering blue altar of Sif Muna.
  1971 | D:4      | Found Hisiziot's Magic Scroll Boutique.
  1981 | D:4      | 1981 ||| BUYING scroll of enchant armour (97 gold).
  1981 | D:4      | Bought a scroll of enchant armour for 97 gold pieces
  1981 | D:4      | 1981 ||| BUYING scroll of identify (26 gold).
  1981 | D:4      | Bought a scroll of identify for 26 gold pieces
  1981 | D:4      | 1981 ||| BUYING scroll of identify (26 gold).
  1981 | D:4      | Bought a scroll of identify for 26 gold pieces
  1981 | D:4      | 1981 ||| BUYING scroll of identify (26 gold).
  1981 | D:4      | Bought a scroll of identify for 26 gold pieces
  1981 | D:4      | 1981 ||| SHOPLISTING scroll of identify (26 gold, have 7).
  1981 | D:4      | 1981 ||| SHOPLISTING scroll of teleportation (39 gold, have
                  | 7).
  2026 | D:4      | Found a glowing drain.
  2027 | D:4      | 2027 ||| READING 3 scrolls of identify.
  2027 | D:4      | 2027 ||| IDENTIFYING white potion
  2028 | D:4      | 2028 ||| READING 2 scrolls of identify.
  2028 | D:4      | 2028 ||| IDENTIFYING fuming clear potion
  2029 | D:4      | 2029 ||| READING scroll of identify.
  2029 | D:4      | 2029 ||| IDENTIFYING 2 ruby potions
  2030 | D:4      | 2030 ||| DRINKING 2 glowing red potions.
  2031 | D:4      | 2031 ||| DROPPING potion of invisibility.
  2038 | Sewer    | Entered a sewer
  2133 | Sewer    | Reached XP level 7. HP: 35/35 MP: 8/8
  2192 | Sewer    | Reached skill level 7 in Dodging
  2663 | Sewer    | 2663 ||| READING scroll of identify.
  2663 | Sewer    | 2663 ||| IDENTIFYING bubbling purple potion
  2664 | Sewer    | 2664 ||| READING scroll labelled EGINIWEPLI.
  2665 | Sewer    | 2665 ||| READING scroll labelled TURYICETSI.
  2666 | Sewer    | 2666 ||| DROPPING potion of magic.
  2689 | D:4      | 2689 ||| PLANNING D:1-11
  2953 | D:5      | Noticed Grinder
  2970 | D:5      | Killed Grinder
  3117 | D:5      | Reached skill level 8 in Dodging
  3117 | D:5      | Reached XP level 8. HP: 34/39 MP: 9/9
  3552 | D:5      | Reached skill level 3 in Fighting
  3711 | D:5      | 3711 ||| UPGRADING to +1 hat.
  3716 | D:5      | 3716 ||| READING scroll of enchant armour.
  3716 | D:5      | 3716 ||| ENCHANTING +1 hat.
  3717 | D:5      | 3717 ||| READING scroll of identify.
  3717 | D:5      | 3717 ||| IDENTIFYING purple potion
  3718 | D:5      | 3718 ||| READING 2 scrolls labelled ESULIRYREL.
  3719 | D:5      | 3719 ||| READING scroll labelled NACWAM DISMECW.
  3791 | D:5      | 3791 ||| DROPPING potion of brilliance.
  3792 | D:5      | 3792 ||| DROPPING scroll of poison.
  3802 | D:6      | 3802 ||| PLANNING OSSUARY
  4107 | D:6      | Found a sand-covered staircase.
  4108 | D:6      | 4108 ||| READING scroll of identify.
  4108 | D:6      | 4108 ||| IDENTIFYING 2 lumpy ruby potions
  4113 | Ossuary  | Entered an ossuary
  4240 | Ossuary  | Reached skill level 9 in Ranged Weapons
  4307 | Ossuary  | Reached skill level 9 in Dodging
  4316 | D:6      | 4316 ||| PLANNING D:1-11
  4437 | D:6      | HP: 10/40 [centaur/arrow (12)]
  4438 | D:6      | 4438 ||| READING scroll of teleportation.
  4439 | D:6      | 4439 ||| DRINKING 2 potions of heal wounds.
  4656 | D:6      | 4656 ||| DRINKING 3 metallic silvery potions.
  4662 | D:7      | 4662 ||| STAIRDANCE
  4684 | D:7      | 4684 ||| STAIRDANCE
  4713 | D:7      | Noticed Menkaure
  4716 | D:7      | Killed Menkaure
  4717 | D:7      | Reached XP level 9. HP: 44/44 MP: 10/10
  4897 | D:7      | Found a staircase to the Ecumenical Temple.
  4898 | D:7      | 4898 ||| PLANNING TEMPLE
  4906 | Temple   | Entered the Ecumenical Temple
  4907 | Temple   | 4907 ||| PLANNING OKAWARU WORSHIP
  4926 | Temple   | Became a worshipper of Warmaster Okawaru
  4927 | Temple   | 4927 ||| PLANNING D:1-11
  5130 | D:7      | Found a flagged portal.
  5192 | D:7      | Reached skill level 10 in Dodging
  5568 | D:7      | 5568 ||| DROPPING +6 ring of intelligence.
  5569 | D:7      | 5569 ||| READING 2 scrolls of identify.
  5569 | D:7      | 5569 ||| IDENTIFYING emerald potion
  5570 | D:7      | 5570 ||| READING scroll of identify.
  5570 | D:7      | 5570 ||| IDENTIFYING 2 viscous clear potions
  5571 | D:7      | 5571 ||| DROPPING 2 potions of lignification.
  5572 | D:7      | 5572 ||| DROPPING potion of attraction.
  5751 | D:8      | Found a runed translucent gate.
  5751 | D:8      | Found a runed translucent gate.
  5751 | D:8      | Found a runed translucent gate.
  5759 | D:8      | Found a sacrificial altar of Ru.
  5759 | D:8      | Found a hazy altar of Hepliaklqana.
  5760 | D:8      | Found a bloodstained altar of Trog.
  6035 | D:8      | Reached skill level 11 in Dodging
  6158 | D:8      | 6158 ||| FLEEEEING.
  6159 | D:8      | 6159 ||| FLEEEEING.
  6160 | D:8      | 6160 ||| FLEEEEING.
  6161 | D:8      | 6161 ||| FLEEEEING.
  6163 | D:8      | 6163 ||| STAIRDANCE
  6190 | D:7      | 6190 ||| READING scroll labelled TOPSUS OMORGH.
  6293 | D:8      | 6293 ||| STAIRDANCE
  6328 | D:8      | Reached * piety under Okawaru
  6360 | D:8      | Noticed qw's ghost (novice DjHu)
  6366 | D:8      | Found a viscous altar of Jiyva.
  6458 | D:9      | Reached skill level 1 in Invocations
  6468 | D:9      | HP: 9/45 [yak (5)]
  6469 | D:9      | 6469 ||| READING scroll of teleportation.
  6470 | D:9      | 6470 ||| DRINKING potion of heal wounds.
  6473 | D:9      | 6473 ||| RETREEEEATING.
  6473 | D:9      | HP: 11/45 [kobold/+0 whip (3)]
  6473 | D:9      | HP: 4/45 [kobold brigand/+0 whip (7)]
  6474 | D:9      | 6474 ||| RETREEEEATING.
  6475 | D:9      | 6475 ||| RETREEEEATING.
  6476 | D:9      | 6476 ||| RETREEEEATING.
  6481 | D:9      | HP: 3/45 [kobold/+0 whip (3)]
  6482 | D:9      | 6482 ||| RETREEEEATING.
  6483 | D:9      | 6483 ||| RETREEEEATING.
  6484 | D:9      | 6484 ||| RETREEEEATING.
  6485 | D:9      | 6485 ||| RETREEEEATING.
  6486 | D:9      | 6486 ||| RETREEEEATING.
  6487 | D:9      | 6487 ||| RETREEEEATING.
  6488 | D:9      | 6488 ||| RETREEEEATING.
  6489 | D:9      | 6489 ||| RETREEEEATING.
  6490 | D:9      | 6490 ||| RETREEEEATING.
  6491 | D:9      | 6491 ||| RETREEEEATING.
  6492 | D:9      | 6492 ||| RETREEEEATING.
  6506 | D:9      | Slain by a yak

Levels and vault maps discovered:
D:1:      lemuel_arrival_broad_hall, layout_loops_cross
D:2:      layout_rooms, serial_shops, shop_fountains,
          dreamdust_ecumenical_altar_statues, uniq_natasha, uniq_terence
D:3:      layout_rooms
D:4:      layout_rooms, tgw_sif, serial_shops, nicolae_diamond_shop,
          mainiacjoe_sewer_entry_somewhere_in_here_2
D:5:      layout_loops_corners, uniq_grinder
D:6:      layout_loops_cross, enter_ossuary_5, mrwooster_statue_mirror
D:7:      layout_cave_pods, temple_statues, enter_bailey_4, uniq_menkaure
D:8:      layout_basic, gammafunk_temple_overflow_claw, serial_rivers,
          chequers_serial_rivers_large_a, chequers_serial_rivers_marsh,
          chequers_serial_rivers_micro_b, chequers_serial_rivers_room_b,
          chequers_serial_rivers_room_b, chequers_serial_rivers_large_b,
          gammafunk_ghost_ooze, nrook_mini_vaults
D:9:      cheibrodos_two_vegetables, layout_basic, serial_shops, shop
Temple:   compressed_dpeg_circular_temple

Skill      XL: |  1  2  3  4  5  6  7  8  9 |
---------------+----------------------------+-----
Dodging        | 3 4 5 6 8 9 11 | 11.1
Ranged Weapons | 5 6 7 8 9 10 | 10.7
Fighting       | 2 3 4 |  4.0
Invocations    | 2 |  2.7
Stealth        | |  1.5

Action                     |  1- 3 |  4- 6 |  7- 9 || total
---------------------------+-------+-------+-------++-------
   Fire: Shortbow          |   103 |       |       ||   103
         Orcbow            |    27 |   134 |   408 ||   569
    Use: Scroll            |     2 |     9 |    13 ||    24
         Potion            |       |     1 |     3 ||     4
 Armour: Robe              |    10 |    15 |    51 ||    76
  Dodge: Dodged            |    47 |    67 |   209 ||   323

Table legend:
 A = Non-vault XP
 B = Vault XP
 C = Vault XP percentage of total XP
 D = Non-vault monster count
 E = Vault monster count
 F = Vault count percentage of total count
                 A         B        C        D         E       F
            +---------+---------+-------+---------+---------+-------
      Total |    3676 |    1239 |  25.2 |     143 |      64 |  30.9
            +---------+---------+-------+---------+---------+-------
        D:1 |      42 |       0 |   0.0 |      25 |       0 |   0.0
        D:2 |     115 |      72 |  38.5 |      25 |       2 |   7.4
        D:3 |     146 |       0 |   0.0 |      28 |       0 |   0.0
        D:4 |     235 |      98 |  29.4 |      11 |       7 |  38.9
        D:5 |     517 |     277 |  34.9 |      16 |       1 |   5.9
        D:6 |     394 |       0 |   0.0 |      10 |       0 |   0.0
        D:7 |     776 |     176 |  18.5 |      11 |       6 |  35.3
        D:8 |     754 |       0 |   0.0 |      13 |       0 |   0.0
        D:9 |     697 |       0 |   0.0 |       4 |       0 |   0.0
      Sewer |       0 |     221 | 100.0 |       0 |      26 | 100.0
    Ossuary |       0 |     395 | 100.0 |       0 |      22 | 100.0
            +---------+---------+-------+---------+---------+-------
